NWL (28 & UNDER)
LA CROSSE LOGGERS @ BISMARCK BARONS
09/19/2023
 
TOP OF THE 1ST
La Crosse Loggers batting - Pitching for Bismarck Barons : LHP Tim Miller
Pitching: LHP Tim Miller
Batting: RHB Jon Kenney 0-0: Called Strike
0-1: Ground out 6-3 (Groundball, 6M)
Batting: RHB Lloyd Harvey 0-0: Called Strike
0-1: Ball
1-1: Swinging Strike
1-2: Foul Ball, location: 2F
1-2: Foul Ball, location: 2F
1-2: Ball
2-2: Ball
3-2: SINGLE (Groundball, 5L)
Batting: RHB Paul Bailey 0-0: Called Strike
0-1: Foul Ball, location: 2F
0-2: Ball
1-2: Foul Ball, location: 2F
1-2: Ball
2-2: Ball
3-2: SINGLE (Line Drive, 89S)
Lloyd Harvey to second
Batting: LHB Ricardo Ruíz 0-0: Fly out, F9 (Flyball, 9M)
Batting: RHB Vicente Vélez 0-0: Called Strike
0-1: Ball
1-1: Ground out 4-3 (Groundball, 4)
Top of the 1st over - 0 run(s), 2 hit(s), 0 error(s), 2 left on base; La Crosse 0 - Bismarck 0
BOTTOM OF THE 1ST
Bismarck Barons batting - Pitching for La Crosse Loggers : RHP Joshua Dixon
Pitching: RHP Joshua Dixon
Batting: RHB Jorge Espinosa 0-0: Ball
1-0: Ball
2-0: Called Strike
2-1: Bunt for hit - play at first, batter OUT! 5-3
Batting: LHB Dave Gray 0-0: Ball
1-0: Called Strike
1-1: Ball
2-1: Swinging Strike
2-2: Ball
3-2: SINGLE (Flyball, 8LS)
Batting: RHB Jack Bailey 0-0: Ball
1-0: Ball
2-0: Foul Ball, location: 2F
2-1: DOUBLE (Line Drive, 89S)
Dave Gray to third
Runner from 3rd tries for Home, SAFE, no throw or cutoff
Batting: RHB Paul Ladd 0-0: Ball
1-0: Swinging Strike
1-1: Swinging Strike
1-2: Ball
2-2: SINGLE (Groundball, 4D)
Jack Bailey to third
Batting: SHB Víctor Serrano 0-0: Called Strike
0-1: Foul Ball, location: 2F
0-2: Ball
1-2: Strikes out swinging
Batting: RHB Gil Watcham 0-0: Ball
1-0: Swinging Strike
1-1: SINGLE (Groundball, 6M)
Jack Bailey scores
Paul Ladd to second
Batting: RHB Benito Minardi 0-0: Called Strike
0-1: Swinging Strike
0-2: Foul Ball, location: 2F
0-2: Foul Ball, location: 2F
0-2: Fly out, F7 (Line Drive, 78M)
Bottom of the 1st over - 2 run(s), 4 hit(s), 0 error(s), 2 left on base; La Crosse 0 - Bismarck 2
TOP OF THE 2ND
La Crosse Loggers batting - Pitching for Bismarck Barons : LHP Tim Miller
Batting: RHB Fraser Stanton 0-0: DOUBLE (Line Drive, 89M)
Batting: LHB Oliver Beltrán 0-0: Foul Ball, location: 2F
0-1: SINGLE (Groundball, 4M)
Fraser Stanton to third
Batting: RHB Jimmy Smith 0-0: Foul Ball, location: 2F
0-1: Foul Ball, location: 2F
0-2: DOUBLE (Line Drive, 89M)
Fraser Stanton scores
Oliver Beltrán to third
Batting: RHB Kirk Powell 0-0: Ball
1-0: Fly out, F8 (Flyball, 89M)
Runner from 3rd tags up, SCORES, throw made
Batting: RHB Jon Kenney 0-0: Ball
1-0: Foul Ball, location: 2F
1-1: Swinging Strike
1-2: Strikes out looking
Batting: RHB Lloyd Harvey 0-0: Ball
1-0: Swinging Strike
1-1: Swinging Strike
1-2: Ball
2-2: Foul Ball, location: 2F
2-2: Fly out, F9 (Flyball, 89M)
Top of the 2nd over - 2 run(s), 3 hit(s), 0 error(s), 1 left on base; La Crosse 2 - Bismarck 2
BOTTOM OF THE 2ND
Bismarck Barons batting - Pitching for La Crosse Loggers : RHP Joshua Dixon
Batting: RHB Miguel Hernández 0-0: Called Strike
0-1: Ball
1-1: Ball
2-1: Foul Ball, location: 2F
2-2: Ball
3-2: Base on Balls
Batting: LHB Paco Sandoval 0-0: Called Strike
0-1: Foul Ball, location: 2F
0-2: Strikes out swinging
Batting: RHB Jorge Espinosa Pickoff Throw to First - Error! E1
Miguel Hernández to second
0-0: Called Strike
0-1: Called Strike
0-2: Ground out 4-3 (Groundball, 4)
Miguel Hernández to third
Batting: LHB Dave Gray 0-0: Foul Ball, location: 2F
0-1: Ball
1-1: Ball
2-1: Fly out, F8 (Flyball, 8LM)
Bottom of the 2nd over - 0 run(s), 0 hit(s), 1 error(s), 1 left on base; La Crosse 2 - Bismarck 2
TOP OF THE 3RD
La Crosse Loggers batting - Pitching for Bismarck Barons : LHP Tim Miller
Batting: RHB Paul Bailey 0-0: Ball
1-0: SINGLE (Groundball, 34D)
Batting: LHB Ricardo Ruíz 0-0: Fly out, F7 (Flyball, 78D)
Batting: RHB Vicente Vélez 0-0: 2-RUN HOME RUN (Flyball, 7D), Distance : 370 ft
Batting: RHB Fraser Stanton 0-0: Called Strike
0-1: Ground out 4-3 (Groundball, 4)
Batting: LHB Oliver Beltrán 0-0: Called Strike
0-1: SINGLE (Flyball, 8RS)
Batting: RHB Jimmy Smith 0-0: Fly out, F8 (Flyball, 8RXD)
Top of the 3rd over - 2 run(s), 3 hit(s), 0 error(s), 1 left on base; La Crosse 4 - Bismarck 2
BOTTOM OF THE 3RD
Bismarck Barons batting - Pitching for La Crosse Loggers : RHP Joshua Dixon
Batting: RHB Jack Bailey 0-0: Ball
1-0: Called Strike
1-1: Ball
2-1: Swinging Strike
2-2: Ball
3-2: Base on Balls
Batting: RHB Paul Ladd 0-0: Called Strike
0-1: Grounds into double play, 4-6-3 (Groundball, 4)
Batting: SHB Víctor Serrano 0-0: Ball
1-0: Ball
2-0: Ball
3-0: Base on Balls
Batting: RHB Gil Watcham 0-0: Foul Ball, location: 2F
0-1: Swinging Strike
0-2: Foul Ball, location: 2F
0-2: Strikes out swinging
Bottom of the 3rd over - 0 run(s), 0 hit(s), 0 error(s), 1 left on base; La Crosse 4 - Bismarck 2
TOP OF THE 4TH
La Crosse Loggers batting - Pitching for Bismarck Barons : LHP Tim Miller
Batting: RHB Kirk Powell 0-0: Called Strike
0-1: Swinging Strike
0-2: Strikes out swinging
Batting: RHB Jon Kenney 0-0: Foul Ball, location: 2F
0-1: Called Strike
0-2: Foul Ball, location: 2F
0-2: Ball
1-2: Strikes out looking
Batting: RHB Lloyd Harvey 0-0: Ground out 6-3 (Groundball, 6)
Top of the 4th over - 0 run(s), 0 hit(s), 0 error(s), 0 left on base; La Crosse 4 - Bismarck 2
BOTTOM OF THE 4TH
Bismarck Barons batting - Pitching for La Crosse Loggers : RHP Joshua Dixon
Batting: RHB Benito Minardi 0-0: Called Strike
0-1: Foul Ball, location: 2F
0-2: Ball
1-2: Ball
2-2: Ball
3-2: Foul Ball, location: 2F
3-2: Base on Balls
Batting: RHB Miguel Hernández 0-0: Ball
1-0: Foul Ball, location: 2F
1-1: Ball
2-1: Ground out 4-3 (Groundball, 34D)
Benito Minardi to second
Batting: LHB Paco Sandoval 0-0: Ball
1-0: Foul Ball, location: 2F
1-1: Fly out, F1 (Line Drive, 13)
Batting: RHB Jorge Espinosa 0-0: Fly out, F2 (Popup, 2RF)
Bottom of the 4th over - 0 run(s), 0 hit(s), 0 error(s), 1 left on base; La Crosse 4 - Bismarck 2
TOP OF THE 5TH
La Crosse Loggers batting - Pitching for Bismarck Barons : LHP Tim Miller
Batting: RHB Paul Bailey 0-0: SINGLE (Groundball, 6MD)
Batting: LHB Ricardo Ruíz 0-0: Ball
1-0: Ball
2-0: Foul Ball, location: 2F
2-1: Fly out, F9 (Flyball, 89M)
Batting: RHB Vicente Vélez 0-0: Called Strike
0-1: Called Strike
0-2: Grounds into double play, 6-4-3 (Groundball, 6)
Top of the 5th over - 0 run(s), 1 hit(s), 0 error(s), 0 left on base; La Crosse 4 - Bismarck 2
BOTTOM OF THE 5TH
Bismarck Barons batting - Pitching for La Crosse Loggers : RHP Joshua Dixon
Batting: LHB Dave Gray 0-0: Ball
1-0: Called Strike
1-1: Foul Ball, location: 2F
1-2: Ball
2-2: Ball
3-2: SINGLE (Line Drive, 34D)
Pitching: LHP Jorge Martínez
Batting: RHB Jack Bailey 0-0: SINGLE (Groundball, 4MD)
Dave Gray to second
Runner from 2nd tries for 3rd, SAFE, throw made to third
Jack Bailey to second
Batting: RHB Paul Ladd 0-0: Ball
1-0: Ball
2-0: Ball
3-0: Base on Balls
Batting: SHB Víctor Serrano 0-0: Foul Ball, location: 2F
0-1: Foul Ball, location: 2F
0-2: Ball
1-2: GRAND SLAM HOME RUN (Flyball, 7D), Distance : 368 ft
Batting: RHB Gil Watcham 0-0: Ball
1-0: Called Strike
1-1: Fly out, F2 (Popup, 25F)
Batting: RHB Benito Minardi 0-0: Foul Ball, location: 2F
0-1: Ball
1-1: Ball
2-1: Fly out, F8 (Flyball, 8LM)
Batting: RHB Miguel Hernández 0-0: Ball
1-0: Foul Ball, location: 2F
1-1: SINGLE (Groundball, 34)
Batting: LHB Paco Sandoval 0-0: Fly out, F8 (Flyball, 8LM)
Bottom of the 5th over - 4 run(s), 4 hit(s), 0 error(s), 1 left on base; La Crosse 4 - Bismarck 6
TOP OF THE 6TH
La Crosse Loggers batting - Pitching for Bismarck Barons : LHP Tim Miller
Batting: RHB Fraser Stanton 0-0: Ball
1-0: Fly out, F9 (Flyball, 9M)
Batting: LHB Oliver Beltrán 0-0: Called Strike
0-1: Ball
1-1: Ball
2-1: SINGLE (Groundball, 34D)
Batting: RHB Jimmy Smith 0-0: SINGLE (Flyball, 4MD)
Oliver Beltrán to second
Runner from 2nd tries for 3rd, SAFE, throw made to third
Jimmy Smith to second
Batting: RHB Kirk Powell 0-0: Ball
1-0: Ball
2-0: Called Strike
2-1: Foul Ball, location: 2F
2-2: Ball
3-2: Foul Ball, location: 2F
3-2: Foul Ball, location: 2F
3-2: Base on Balls
Batting: RHB Jon Kenney 0-0: Ball
1-0: Ball
2-0: Foul Ball, location: 2F
2-1: Swinging Strike
2-2: Foul Ball, location: 2F
2-2: Strikes out swinging
Pitching: RHP Mike Hodges
Batting: RHB Lloyd Harvey 0-0: Swinging Strike
0-1: Called Strike
0-2: Ball
1-2: Ball
2-2: Strikes out swinging
Top of the 6th over - 0 run(s), 2 hit(s), 0 error(s), 3 left on base; La Crosse 4 - Bismarck 6
BOTTOM OF THE 6TH
Bismarck Barons batting - Pitching for La Crosse Loggers : LHP Jorge Martínez
Batting: RHB Jorge Espinosa 0-0: Fly out, F6 (Line Drive, 6)
Batting: LHB Dave Gray 0-0: Called Strike
0-1: Ball
1-1: Fly out, F8 (Flyball, 8LM)
Pitching: RHP Jim Miller
Batting: RHB Jack Bailey 0-0: Ball
1-0: Ball
2-0: Ball
3-0: Called Strike
3-1: Base on Balls
Batting: RHB Paul Ladd 0-0: Ball
Single, Error in OF, E8, batter to second base
Jack Bailey to third
Batting: SHB Víctor Serrano 0-0: Ball
1-0: Foul Ball, location: 2F
1-1: Foul Ball, location: 2F
1-2: Ball
2-2: SINGLE (Line Drive, 34D)
Jack Bailey scores
Paul Ladd to third
Runner from 3rd tries for Home, SAFE, no throw or cutoff
Batting: RHB Gil Watcham 0-0: SINGLE (Groundball, 56)
Víctor Serrano to second
Batting: RHB Benito Minardi 0-0: Called Strike
0-1: Ball
1-1: Fly out, F4 (Popup, 4)
Bottom of the 6th over - 2 run(s), 3 hit(s), 1 error(s), 2 left on base; La Crosse 4 - Bismarck 8
TOP OF THE 7TH
La Crosse Loggers batting - Pitching for Bismarck Barons : RHP Mike Hodges
Batting: RHB Paul Bailey 0-0: Called Strike
0-1: Ball
1-1: Ball
2-1: Ground out 4-3 (Groundball, 13)
Batting: LHB Ricardo Ruíz 0-0: Ball
1-0: Swinging Strike
1-1: Fly out, F8 (Flyball, 8LD)
Batting: RHB Vicente Vélez 0-0: Ball
1-0: Ball
2-0: Fly out, F7 (Flyball, 7D)
Top of the 7th over - 0 run(s), 0 hit(s), 0 error(s), 0 left on base; La Crosse 4 - Bismarck 8
BOTTOM OF THE 7TH
Bismarck Barons batting - Pitching for La Crosse Loggers : RHP Jim Miller
Batting: RHB Miguel Hernández 0-0: Called Strike
0-1: Fly out, F7 (Flyball, 7LM)
Batting: LHB Paco Sandoval 0-0: Called Strike
0-1: Fly out, F8 (Flyball, 8LXD)
Batting: RHB Jorge Espinosa 0-0: Foul Ball, location: 2F
0-1: Foul Ball, location: 2F
0-2: Strikes out swinging
Bottom of the 7th over - 0 run(s), 0 hit(s), 0 error(s), 0 left on base; La Crosse 4 - Bismarck 8
TOP OF THE 8TH
La Crosse Loggers batting - Pitching for Bismarck Barons : RHP Mike Hodges
Batting: RHB Fraser Stanton 0-0: Ground out 5-3 (Groundball, 56S)
Batting: LHB Oliver Beltrán 0-0: Ball
1-0: SINGLE (Groundball, 34D)
Batting: RHB Jimmy Smith 0-0: Ball
Wild Pitch!
Oliver Beltrán to second
1-0: Called Strike
1-1: Foul Ball, location: 2F
1-2: Fly out, F7 (Line Drive, 7M)
Batting: RHB Kirk Powell 0-0: Called Strike
0-1: Foul Ball, location: 2F
0-2: Ball
1-2: Strikes out looking
Top of the 8th over - 0 run(s), 1 hit(s), 0 error(s), 1 left on base; La Crosse 4 - Bismarck 8
BOTTOM OF THE 8TH
Bismarck Barons batting - Pitching for La Crosse Loggers : RHP Jim Miller
Batting: LHB Dave Gray 0-0: Ball
1-0: Ball
2-0: Called Strike
2-1: Swinging Strike
2-2: Foul Ball, location: 2F
2-2: Strikes out swinging
Batting: RHB Jack Bailey 0-0: Called Strike
0-1: Ball
1-1: Ball
2-1: Ball
3-1: Foul Ball, location: 2F
3-2: Base on Balls
Batting: RHB Paul Ladd 0-0: Swinging Strike
0-1: Called Strike
0-2: Strikes out swinging
Pitching: RHP David Washington
Batting: SHB Víctor Serrano 0-0: Swinging Strike
0-1: Ball
1-1: Foul Ball, location: 2F
1-2: Ball
2-2: Ball
3-2: Base on Balls
Jack Bailey to second
Batting: RHB Gil Watcham 0-0: Ball
1-0: Foul Ball, location: 2F
1-1: Ball
2-1: Ball
3-1: Base on Balls
Jack Bailey to third
Víctor Serrano to second
Batting: RHB Benito Minardi 0-0: GRAND SLAM HOME RUN (Flyball, 7D), Distance : 351 ft
Batting: RHB Miguel Hernández 0-0: Foul Ball, location: 2F
0-1: Ball
1-1: Fly out, F9 (Flyball, 9LSF)
Bottom of the 8th over - 4 run(s), 1 hit(s), 0 error(s), 0 left on base; La Crosse 4 - Bismarck 12
TOP OF THE 9TH
La Crosse Loggers batting - Pitching for Bismarck Barons : RHP Mike Hodges
Pinch Hitting: RHB José Ríos 0-0: Ball
1-0: Swinging Strike
1-1: Ground out 6-3 (Groundball, 6M)
Batting: RHB Lloyd Harvey 0-0: Ball
1-0: Fly out, F2 (Popup, 25F)
Batting: RHB Paul Bailey 0-0: Called Strike
0-1: Ball
1-1: Ball
2-1: Ball
3-1: Ground out 6-3 (Groundball, 6)
Top of the 9th over - 0 run(s), 0 hit(s), 0 error(s), 0 left on base; La Crosse 4 - Bismarck 12
This league is powered by Out of the Park Baseball, the baseball management simulation game for PC, Mac and Linux
Wednesday, December 2nd, 2015 - OOTP Baseball 16.8 Build 38